[Event "Titled Tuesday Blitz January 17 Late 2023"]
[White "Kozin, Yuri"]
[Black "Rios Escobar, Adan"]
[WhiteFideId "4129920"]
[BlackFideId "3403645"]
[WhiteElo "2251"]
[BlackElo "2234"]
[Result "1-0"]
[Round "08"]
[TimeControl "180+2"]
[Date "2023.01.17"]
[WhiteClock "0:00:08"]
[BlackClock "0:00:13"]

1. e4 c5 2. Nf3 d6 3. d4 cxd4 4. Nxd4 Nf6 5. Nc3 a6 6. Be3 e5 7. Nf3 Be7 8. Bc4 Be6 9. Bxe6 fxe6 10. O-O Nc6 11. Ng5 Qd7 12. Na4 Bd8 13. Qf3 O-O 14. Qh3 Re8 15. Rad1 h6 16. Nf3 Nxe4 17. Rfe1 b5 18. Nc5 Nxc5 19. Bxc5 d5 20. Nxe5 Nxe5 21. Rxe5 Bf6 22. Rexd5 Qxd5 23. Rxd5 exd5 24. g3 Bxb2 25. Bb6 Re7 26. Qf5 Re5 27. Qd7 Rf8 28. Be3 d4 29. Bf4 Ref5 30. h4 g5 31. Qe6+ Kh7 32. hxg5 hxg5 33. Bxg5 d3 34. Qh6+ Kg8 35. Qg6+ Bg7 36. Bh6 R8f7 37. Bxg7 dxc2 38. Bb2+ Kf8 39. Qd6+ Kg8 40. Qd8+ Rf8 41. Qc7 R8f7 42. Qxc2 Rxf2 43. Qxf2 Rxf2 44. Kxf2 Kf7 45. Ke3 a5 46. Bc3 b4 47. Be1 Ke6 48. Kd3 Kf5 49. Kc4 Ke4 50. Kb5 Kd3 51. Kxa5 Ke2 52. g4 Kxe1 53. Kxb4 Ke2 54. g5 Ke3 55. g6 Ke4 56. g7 Ke5 57. g8=Q Kd6 58. Qg6+ Kd5 59. Qd3+ Kc6 60. Qc4+ Kb6 61. Qc5+ Kb7 62. Qd6 Ka7 63. Qc6 Kb8 64. Qd7 Ka8 65. Kb5 Kb8 66. Kb6 Ka8 67. Qb7# 1-0


[Site "https://www.chess.com"]

[Event "Titled Tuesday Blitz January 17 Late 2023"]
[White "Kovacs, Klara"]
[Black "Womacka, Mathias"]
[WhiteFideId "733210"]
[BlackFideId "4611390"]
[WhiteElo "2121"]
[BlackElo "2396"]
[Result "1-0"]
[Round "08"]
[TimeControl "180+2"]
[Date "2023.01.17"]
[WhiteClock "0:01:49"]
[BlackClock "0:01:44"]

1. d4 Nf6 2. Nf3 e6 3. g3 c5 4. Bg2 cxd4 5. Nxd4 Qb6 6. e4 Bc5 7. c3 Nc6 8. Nxc6 Bxf2+ 9. Kf1 dxc6 10. Bg5 Qxb2 11. Nd2 Bc5 12. Nb3 Be7 13. e5 Ne4 14. Bxe4 Bxg5 15. Qf3 O-O 16. h4 Be7 17. Bd3 Qxc3 18. Bxh7+ Kxh7 19. Qxc3 Bd7 20. Qd3+ Kg8 21. Qxd7 1-0


[Site "https://www.chess.com"]

[Event "Titled Tuesday Blitz January 17 Late 2023"]
[White "Gavilan Diaz, Mario"]
[Black "Figorito, Nick"]
[WhiteFideId "2260905"]
[BlackFideId "30923689"]
[WhiteElo "2271"]
[BlackElo "2036"]
[Result "1-0"]
[Round "08"]
[TimeControl "180+2"]
[Date "2023.01.17"]
[WhiteClock "0:00:09"]
[BlackClock "0:00:01"]

1. d4 Nf6 2. c4 g6 3. Nc3 d5 4. cxd5 Nxd5 5. e4 Nxc3 6. bxc3 Bg7 7. Nf3 c5 8. Rb1 O-O 9. Be2 cxd4 10. cxd4 Qa5+ 11. Bd2 Qxa2 12. O-O Bg4 13. Be3 Nc6 14. Rxb7 Bxf3 15. Bxf3 e5 16. d5 Nd4 17. Bxd4 exd4 18. Qd3 a5 19. g3 a4 20. Rc1 a3 21. Kg2 Rfb8 22. Rcc7 Rxb7 23. Rxb7 Qa1 24. d6 a2 25. Qb3 d3 26. Qxf7+ Kh8 27. Re7 Qf6 28. Re8+ Rxe8 29. Qxe8+ Bf8 30. e5 Qg7 31. d7 a1=Q 32. d8=Q Qa3 33. e6 h6 34. Qdd7 Kh7 35. Qef7 Qxf7 36. Qxf7+ Bg7 37. e7 d2 38. e8=Q Qd3 39. Qeg8# 1-0


[Site "https://www.chess.com"]

[Event "Titled Tuesday Blitz January 17 Late 2023"]
[White "Szente Varga, Fruzsina"]
[Black "Kaplan, Avi Harrison"]
[WhiteFideId "712264"]
[BlackFideId "30934559"]
[WhiteElo "2075"]
[BlackElo "2146"]
[Result "0-1"]
[Round "08"]
[TimeControl "180+2"]
[Date "2023.01.17"]
[WhiteClock "0:00:14"]
[BlackClock "0:00:17"]

1. e4 d6 2. d4 Nf6 3. Nc3 Nbd7 4. Be3 e5 5. f3 c6 6. Qd2 b5 7. O-O-O Qa5 8. Kb1 Be7 9. g4 h6 10. h4 Nb6 11. dxe5 dxe5 12. Bc5 Be6 13. Bxe7 Bxa2+ 14. Nxa2 Qxd2 15. Rxd2 Kxe7 16. Nb4 Rac8 17. Na6 Rhd8 18. Rhh2 Ne8 19. b3 Nd6 20. Nc5 b4 21. Ba6 Rc7 22. Nh3 Na8 23. g5 hxg5 24. Nxg5 Nb5 25. Bxb5 cxb5 26. Rxd8 Kxd8 27. Rd2+ Ke7 28. Nd3 f6 29. Nh3 a5 30. f4 exf4 31. Nhxf4 Kf7 32. Nd5 Rc8 33. h5 Nc7 34. N3f4 Ne6 35. Nxe6 Kxe6 36. Rg2 Rh8 37. Nf4+ Kf7 38. Rg6 Re8 39. Nd3 Rxe4 40. Rg3 Rh4 41. Nf4 Rxf4 42. Rh3 Rf5 43. Kb2 Rc5 44. Rh4 Kg8 45. Kc1 Kh7 46. Kd2 Kh6 47. Kd3 Rxh5 48. Rd4 Re5 49. Rd7 a4 50. bxa4 bxa4 51. Ra7 a3 52. Ra4 g5 53. Kd4 g4 54. Ra6 Kg6 55. Kc4 Re4+ 56. Kb3 g3 57. Ra8 Rg4 0-1


[Site "https://www.chess.com"]

[Event "Titled Tuesday Blitz January 17 Late 2023"]
[White "Slovineanu, Viacheslav"]
[Black "Novikov, Evgenij"]
[WhiteFideId "13900510"]
[BlackFideId "4125380"]
[WhiteElo "2412"]
[BlackElo "2276"]
[Result "1-0"]
[Round "08"]
[TimeControl "180+2"]
[Date "2023.01.17"]
[WhiteClock "0:00:17"]
[BlackClock "0:00:02"]

1. d4 e5 2. dxe5 Nc6 3. Nf3 Qe7 4. Bf4 Qb4+ 5. Bd2 Qxb2 6. Nc3 Kd8 7. e4 Bb4 8. Rb1 Qa3 9. Rb3 Qa5 10. Bc4 Nh6 11. O-O Re8 12. a3 Bxc3 13. Bxc3 Qc5 14. Bd5 b6 15. Bd2 Ba6 16. Rc3 Qb5 17. Bc4 Qxc4 18. Rxc4 Bxc4 19. Re1 Ng4 20. Bf4 Ngxe5 21. Nxe5 Nxe5 22. Qd4 c5 23. Qc3 f6 24. Bxe5 Rxe5 25. Qxc4 Ke7 26. f3 Rd8 27. Rd1 d6 28. Rd5 Kf8 29. Rxe5 dxe5 30. Qa4 Ra8 31. Qc6 Re8 32. a4 Re7 33. h4 Kf7 34. Qd5+ Kf8 35. Qd6 Kf7 36. h5 g6 37. h6 f5 38. exf5 gxf5 39. g4 fxg4 40. fxg4 e4 41. Kf1 e3 42. Ke2 Re6 43. Qd7+ Re7 44. Qf5+ Ke8 45. g5 Kd8 46. Qf6 Kd7 47. g6 hxg6 48. Qxe7+ Kxe7 49. h7 Kf7 50. h8=Q Ke6 51. Kxe3 1-0


[Site "https://www.chess.com"]

[Event "Titled Tuesday Blitz January 17 Late 2023"]
[White "Van Dael, Siem"]
[Black "Donskov, Anatoly"]
[WhiteFideId "1049771"]
[BlackFideId "24143413"]
[WhiteElo "2319"]
[BlackElo "2279"]
[Result "1-0"]
[Round "08"]
[TimeControl "180+2"]
[Date "2023.01.17"]
[WhiteClock "0:01:20"]
[BlackClock "0:00:03"]

1. e4 c5 2. Nf3 e6 3. d4 cxd4 4. Nxd4 Nf6 5. Nc3 Nc6 6. Nxc6 bxc6 7. e5 Nd5 8. Ne4 Qc7 9. f4 Rb8 10. c4 Bb4+ 11. Ke2 O-O 12. Kf3 f5 13. Nf2 c5 14. cxd5 Bb7 15. Bc4 d6 16. a3 Ba5 17. Kg3 dxe5 18. dxe6 g5 19. Qd7 exf4+ 20. Kh3 Qxd7 21. exd7+ Kg7 22. b4 g4+ 23. Kh4 Bd8+ 24. Kh5 Bxg2 25. Bb2+ Bf6 26. Bxf6+ Rxf6 27. Rhe1 Rbf8 28. Re7+ Kh8 29. Re8 Kg7 30. Rxf8 Rxf8 31. Re1 g3 32. Re7+ Kf6 33. Re6+ Kg7 34. hxg3 fxg3 35. Re7+ Kf6 36. Rf7+ Rxf7 37. d8=Q+ Kg7 38. Qg5+ Kf8 39. Qxg3 1-0


[Site "https://www.chess.com"]

[Event "Titled Tuesday Blitz January 17 Late 2023"]
[White "Jenkins, Drake"]
[Black "Belenkaya, Dina"]
[WhiteFideId "2022397"]
[BlackFideId "24142654"]
[WhiteElo "2130"]
[BlackElo "2267"]
[Result "1-0"]
[Round "08"]
[TimeControl "180+2"]
[Date "2023.01.17"]
[WhiteClock "0:00:13"]
[BlackClock "0:00:37"]

1. Nf3 d5 2. c4 d4 3. b4 Nf6 4. g3 c5 5. b5 g6 6. Bg2 Bg7 7. d3 O-O 8. O-O Re8 9. a4 e5 10. Ba3 Nbd7 11. Nbd2 Rb8 12. Ng5 h6 13. Nge4 Qc7 14. Nxf6+ Bxf6 15. a5 b6 16. axb6 axb6 17. Bb2 Bb7 18. Ra7 Qc8 19. Ne4 Be7 20. Qd2 Kg7 21. Bc1 g5 22. f4 f5 23. fxg5 fxe4 24. gxh6+ Kh8 25. Rxb7 Rxb7 26. Bxe4 Nf8 27. Rf7 Qe6 28. Bd5 Qg6 29. Rg7 Bg5 30. Qxg5 Qxg5 31. Bxg5 Rxg7 32. Bf6 Ne6 33. Bxe5 Kh7 34. hxg7 Nxg7 35. Be4+ Kg8 36. Bc7 Nh5 37. Bxb6 Nf6 38. Bf3 Re5 39. Kf2 Kf7 40. g4 Ke6 41. h4 Kd7 42. g5 Kd6 43. gxf6 Rf5 44. Kg3 Rxf6 45. Bd8 Rh6 46. Bg5 Rh8 47. Be4 Ke5 48. b6 Rb8 49. Bf4+ Ke6 50. Bxb8 Kd7 51. Bf4 Kc8 52. b7+ Kd7 53. b8=Q Ke6 54. Qe5+ Kf7 55. Bd5+ Kg6 56. Qg5+ Kh7 57. Be4+ Kh8 58. Be5# 1-0


[Site "https://www.chess.com"]

[Event "Titled Tuesday Blitz January 17 Late 2023"]
[White "Floresvillar Gonzalez, Luis Migu"]
[Black "Sreyas Payyappat"]
[WhiteFideId "5100542"]
[BlackFideId "46674969"]
[WhiteElo "2043"]
[BlackElo "2076"]
[Result "0-1"]
[Round "08"]
[TimeControl "180+2"]
[Date "2023.01.17"]
[WhiteClock "0:01:01"]
[BlackClock "0:00:58"]

1. d4 Nf6 2. c3 c5 3. dxc5 Nc6 4. b4 g6 5. Bb2 Bg7 6. Nd2 O-O 7. Rb1 a5 8. a3 b5 9. e4 d6 10. cxd6 exd6 11. Bxb5 Ne5 12. Ngf3 Qb6 13. a4 Ba6 14. Bxa6 Qxa6 15. b5 Nd3+ 16. Kf1 Qb7 17. Qe2 Nc5 18. Qc4 Rac8 19. Qa2 Nfxe4 20. c4 Nxd2+ 21. Nxd2 Bxb2 22. Rxb2 Nd3 23. Rc2 Nb4 24. Qb2 Nxc2 25. Qxc2 Qd5 26. h4 Rfe8 27. Rh3 Qd4 28. h5 Rxc4 29. Nxc4 Qa1+ 0-1


[Site "https://www.chess.com"]

[Event "Titled Tuesday Blitz January 17 Late 2023"]
[White "Wang, Alexander J"]
[Black "Rego, Pedro Filipe"]
[WhiteFideId "30955270"]
[BlackFideId "1904310"]
[WhiteElo "1815"]
[BlackElo "2312"]
[Result "0-1"]
[Round "08"]
[TimeControl "180+2"]
[Date "2023.01.17"]
[WhiteClock "0:01:18"]
[BlackClock "0:01:21"]

1. e4 c5 2. Nf3 Nc6 3. d4 cxd4 4. Nxd4 g6 5. Nc3 Bg7 6. Be3 Nf6 7. Bc4 O-O 8. Bb3 d6 9. f3 Bd7 10. Qd2 Na5 11. O-O-O Nxb3+ 12. axb3 a5 13. Kb1 a4 14. bxa4 Bxa4 15. Nxa4 Rxa4 16. Nb3 Nd7 17. Bd4 Bxd4 18. Nxd4 Qb6 19. Nb3 Rfa8 20. Qd5 Nc5 21. Kc1 Nxb3+ 22. Qxb3 Qf2 0-1


[Site "https://www.chess.com"]

[Event "Titled Tuesday Blitz January 17 Late 2023"]
[White "Chlpik, Martin"]
[Black "Gurevich, Dmitry"]
[WhiteFideId "14923351"]
[BlackFideId "2000407"]
[WhiteElo "2287"]
[BlackElo "2393"]
[Result "0-1"]
[Round "08"]
[TimeControl "180+2"]
[Date "2023.01.17"]
[WhiteClock "0:00:01"]
[BlackClock "0:00:54"]

1. d4 Nf6 2. c4 a6 3. Nc3 c5 4. d5 b5 5. cxb5 axb5 6. Nxb5 Qa5+ 7. Nc3 Bb7 8. Bd2 Qb6 9. e4 e6 10. Bc4 Nxe4 11. Nxe4 exd5 12. Ng5 dxc4 13. Qe2+ Be7 14. Bc3 Bxg2 15. N1f3 Bxh1 16. Ne5 O-O 17. Nxc4 Qd8 18. Nxh7 Kxh7 19. Qh5+ Kg8 20. Bxg7 Kxg7 21. Ke2 Bg5 22. Rg1 Qe7+ 23. Ne3 f6 24. Kf1 Be4 25. h4 Rh8 26. Qg4 Qe6 27. Qg3 Rxh4 28. Qxh4 Bd3+ 29. Ke1 Rxa2 30. Rg2 Bg6 0-1


[Site "https://www.chess.com"]

[Event "Titled Tuesday Blitz January 17 Late 2023"]
[White "Estrada Nieto, Julian"]
[Black "Mendez Machado, Andre"]
[WhiteFideId "5101018"]
[BlackFideId "6603793"]
[WhiteElo "2215"]
[BlackElo "1974"]
[Result "1-0"]
[Round "08"]
[TimeControl "180+2"]
[Date "2023.01.17"]
[WhiteClock "0:00:08"]
[BlackClock "0:00:02"]

1. e4 e5 2. Nf3 Nc6 3. Bb5 a6 4. Bxc6 dxc6 5. O-O Bg4 6. h3 h5 7. d3 Qf6 8. Be3 Bxf3 9. Qxf3 Qxf3 10. gxf3 Bd6 11. Nd2 Ne7 12. Rfb1 a5 13. a4 Ng6 14. Kf1 O-O 15. Ke2 f5 16. Rg1 Kh7 17. Nc4 fxe4 18. fxe4 Nf4+ 19. Bxf4 Rxf4 20. Rg5 Bc5 21. Rf1 Raf8 22. f3 Rh4 23. Rxe5 Bd4 24. Re7 Rxh3 25. c3 Rh2+ 26. Kd1 Bf2 27. Ne5 Bg3 28. Nd7 Rd8 29. f4 Bh4 30. Rf7 Kg8 31. Ne5 Bf6 32. Rd7 Re8 33. Kc1 Bxe5 34. fxe5 Rxe5 35. Rg1 g5 36. Rf1 g4 37. Rff7 g3 38. Rg7+ Kf8 39. Rxg3 Rh1+ 40. Kc2 Rh2+ 41. Kb3 Re7 42. Rxe7 Kxe7 43. Rg7+ Kd6 44. Rh7 h4 45. d4 h3 46. e5+ Kd5 47. Rxc7 Rh1 48. Rd7+ Ke6 49. Rxb7 Rf1 50. Rh7 Rf3 51. Rh6+ Kd5 52. Rd6+ Ke4 53. Rh6 Kd5 54. e6 Re3 55. e7 1-0


[Site "https://www.chess.com"]

[Event "Titled Tuesday Blitz January 17 Late 2023"]
[White "Desideri, Ricardo Maruchi"]
[Black "Liu, Kelsey"]
[WhiteFideId "2110440"]
[BlackFideId "30944481"]
[WhiteElo "1959"]
[BlackElo "2065"]
[Result "1-0"]
[Round "08"]
[TimeControl "180+2"]
[Date "2023.01.17"]
[WhiteClock "0:00:50"]
[BlackClock "0:01:15"]

1. e4 c5 2. Nf3 e6 3. d4 cxd4 4. Nxd4 Nc6 5. Nc3 Nf6 6. Be3 Bb4 7. Nxc6 bxc6 8. e5 Nd5 9. Qd3 a5 10. a3 Ba6 11. Qd4 Bxc3+ 12. bxc3 Bxf1 13. Kxf1 Nxe3+ 14. Qxe3 d6 15. Rd1 d5 16. Rd4 Qb6 17. Ke2 O-O 18. h4 Qb5+ 19. Kd2 f6 20. exf6 Rxf6 21. f3 Re8 22. Rg4 c5 23. a4 Qc6 24. Qg5 Qc7 25. Qxf6 1-0


[Site "https://www.chess.com"]

[Event "Titled Tuesday Blitz January 17 Late 2023"]
[White "Torres Dominguez, David"]
[Black "Korchmar, Vasiliy"]
[WhiteFideId "2220857"]
[BlackFideId "24131750"]
[WhiteElo "1994"]
[BlackElo "2438"]
[Result "0-1"]
[Round "08"]
[TimeControl "180+2"]
[Date "2023.01.17"]
[WhiteClock "0:00:01"]
[BlackClock "0:01:05"]

1. e4 e6 2. d4 d5 3. exd5 exd5 4. Bd3 c5 5. Nf3 c4 6. Be2 Nc6 7. O-O Bd6 8. b3 cxb3 9. axb3 Nge7 10. Bd3 Bg4 11. c3 O-O 12. Bxh7+ Kxh7 13. Ng5+ Kg6 14. Qxg4 f5 15. Qf3 Qd7 16. Bf4 Ng8 17. Nd2 Nf6 18. Nh3 Ne4 19. Nxe4 fxe4 20. Qg3+ Kh7 21. Ng5+ Kg8 22. Bxd6 Rf6 23. Be5 Nxe5 24. dxe5 Rg6 25. h4 Rf8 26. f4 Rb6 27. b4 a6 28. Rad1 Qc6 29. f5 a5 30. f6 axb4 31. Nxe4 Rf7 32. Nd6 Qc5+ 33. Kh1 Rxd6 34. exd6 bxc3 35. d7 Rxd7 36. fxg7 Rxg7 37. Qf4 c2 38. Rc1 d4 39. Qb8+ Kh7 40. Qd8 b5 41. Rf8 Qe5 42. Rh8+ Kg6 43. Qb6+ Kf7 44. Rf1+ Ke7 45. Qb7+ Kd6 46. Qb6+ Kd5 47. Qb7+ Kc4 0-1


[Site "https://www.chess.com"]

[Event "Titled Tuesday Blitz January 17 Late 2023"]
[White "Berezin, Viktor"]
[Black "Mesa Cruz, Juan Carlos"]
[WhiteFideId "14107872"]
[BlackFideId "6423400"]
[WhiteElo "2307"]
[BlackElo "2122"]
[Result "1-0"]
[Round "08"]
[TimeControl "180+2"]
[Date "2023.01.17"]
[WhiteClock "0:00:34"]
[BlackClock "0:00:01"]

1. d4 Nf6 2. c4 e6 3. Nf3 Bb4+ 4. Bd2 Qe7 5. g3 b6 6. Bg2 Ba6 7. Qc2 Bb7 8. O-O O-O 9. a3 Bxd2 10. Nbxd2 d6 11. e4 e5 12. d5 Bc8 13. b4 Nfd7 14. Nh4 g6 15. Nb3 a5 16. Rac1 Na6 17. bxa5 Nac5 18. axb6 Nxb6 19. Nxc5 dxc5 20. Nf3 Bg4 21. Nd2 Rxa3 22. Qb2 Rfa8 23. Ra1 Rxa1 24. Rxa1 Rxa1+ 25. Qxa1 Qd7 26. Qxe5 Qa4 27. Qc3 Qd1+ 28. Bf1 Be2 29. Kg2 Bxf1+ 30. Nxf1 Qe2 31. Ne3 Qa2 32. Ng4 h5 33. Nh6+ Kh7 34. Nxf7 Kg8 35. Qf6 Qxc4 36. Qxg6+ Kf8 37. Ng5 Qd4 38. Ne6+ Ke7 39. Nxd4 1-0


[Site "https://www.chess.com"]

[Event "Titled Tuesday Blitz January 17 Late 2023"]
[White "Slavin, Alexey"]
[Black "Aguilar, Juan"]
[WhiteFideId "24104388"]
[BlackFideId "3800091"]
[WhiteElo "2364"]
[BlackElo "2254"]
[Result "1-0"]
[Round "08"]
[TimeControl "180+2"]
[Date "2023.01.17"]
[WhiteClock "0:00:30"]
[BlackClock "0:00:05"]

1. e4 g6 2. Nc3 Bg7 3. g3 d6 4. Bg2 e5 5. Nge2 Nf6 6. O-O O-O 7. d3 Nbd7 8. h3 c6 9. f4 Qb6+ 10. Kh2 d5 11. fxe5 Nxe5 12. exd5 Nxd5 13. Nxd5 cxd5 14. Bxd5 Be6 15. Bg2 Rad8 16. Nf4 Bd7 17. d4 Bc6 18. c3 Bxg2 19. Nxg2 Qa6 20. Bf4 Nd3 21. Qc2 Rfe8 22. Bg5 Rd5 23. h4 h6 24. Be3 Qb5 25. b3 Rc8 26. Rad1 Nb4 27. Qf2 Nd3 28. Rxd3 Qxd3 29. Qxf7+ Kh7 30. Rf6 Rf8 31. Qxd5 Rxf6 32. Qxb7 Rf3 33. Bf4 Qf5 34. Qxf3 g5 35. hxg5 hxg5 36. Qh5+ Bh6 37. Be5 Qf3 38. Qxf3 1-0


[Site "https://www.chess.com"]

[Event "Titled Tuesday Blitz January 17 Late 2023"]
[White "Castellanos Hernandez, Emilio Au"]
[Black "Forgacs, Attila Jr."]
[WhiteFideId "5114179"]
[BlackFideId "773654"]
[WhiteElo "1964"]
[BlackElo "2264"]
[Result "1-0"]
[Round "08"]
[TimeControl "180+2"]
[Date "2023.01.17"]
[WhiteClock "0:00:47"]
[BlackClock "0:00:13"]

1. d4 Nf6 2. Bf4 g6 3. Nc3 d5 4. e3 Bg7 5. h4 h5 6. Be2 O-O 7. Nf3 c5 8. dxc5 Qa5 9. O-O Qxc5 10. Nb5 Na6 11. c3 Bd7 12. b4 Qc8 13. Rc1 Bc6 14. Nbd4 Nc7 15. a4 Ne4 16. c4 dxc4 17. Bxc4 Qd7 18. b5 Bd5 19. Bxc7 Bxc4 20. Rxc4 Rac8 21. Qc2 Nf6 22. Bg3 Rxc4 23. Qxc4 Rc8 24. Qb3 Ne4 25. Be5 Qg4 26. Bxg7 Kxg7 27. Qd5 f6 28. Qe6 Qxe6 29. Nxe6+ Kf7 30. Ned4 Rc4 31. Ra1 e5 32. Ne2 Nc5 33. a5 Nb3 34. Ra3 Rb4 35. Nc3 Nc5 36. Nd2 Rxh4 37. e4 f5 38. g3 Rg4 39. Nf1 h4 40. Nh2 Rg5 41. Nf3 Rh5 42. Nxe5+ Kf6 43. Nf3 hxg3 44. e5+ Ke6 45. fxg3 f4 46. gxf4 Nd3 47. Ne2 Nc5 48. Ng3 Rh3 49. Kg2 Rh7 50. Rc3 Nd7 51. Ng5+ Kd5 52. Nxh7 Nc5 53. Rxc5+ Kxc5 54. Nf8 Kxb5 55. Nxg6 Kxa5 56. e6 b5 57. e7 Ka4 58. e8=Q a5 59. f5 Kb4 60. f6 a4 61. f7 Ka5 62. f8=Q b4 63. Qa8+ Kb5 64. Ne4 Kc4 65. Ne5+ Kb3 66. Qd5+ Ka3 67. Qf3+ b3 68. Nc4+ Ka2 69. Nc3+ Ka1 70. Qdd1# 1-0


[Site "https://www.chess.com"]

[Event "Titled Tuesday Blitz January 17 Late 2023"]
[White "Ardila, Oscar Humberto"]
[Black "Gatterer, Florian"]
[WhiteFideId "4404742"]
[BlackFideId "811688"]
[WhiteElo "1982"]
[BlackElo "2170"]
[Result "0-1"]
[Round "08"]
[TimeControl "180+2"]
[Date "2023.01.17"]
[WhiteClock "0:01:14"]
[BlackClock "0:00:06"]

1. d4 Nf6 2. c4 e6 3. Nc3 Bb4 4. Bd2 Bxc3 5. Bxc3 Ne4 6. Rc1 O-O 7. e3 b6 8. Nf3 Bb7 9. Be2 d6 10. O-O Nxc3 11. Rxc3 Nd7 12. b4 a5 13. a3 axb4 14. axb4 Nf6 15. Qb3 Ne4 16. Rc2 Ng5 17. Nd2 Nh3+ 18. Kh1 Qh4 19. Nf3 Qh5 20. gxh3 Bxf3+ 21. Bxf3 Qxf3+ 22. Kg1 Qxh3 23. f4 g6 24. Rg2 Qf5 25. Re2 Qe4 26. Qc2 Qxc2 27. Rxc2 Ra4 28. Rb1 Rfa8 29. Rcb2 Ra3 30. Kf2 Rc3 31. Rb3 Rxc4 32. b5 Ra2+ 33. R1b2 Rc2+ 34. Rxc2 Rxc2+ 35. Kg3 Kg7 36. h4 h5 37. Kf3 Kf6 38. Ke4 Ke7 39. Kd3 Rh2 40. Rc3 Kd7 41. Ke4 Rxh4 42. d5 Rh3 43. dxe6+ fxe6 44. Rc1 Rg3 45. Rh1 d5+ 46. Kd4 Kd6 47. Rc1 Kd7 48. Rc3 h4 49. Rc1 h3 50. Rh1 Kd6 51. Rc1 h2 52. Rh1 Rh3 53. e4 dxe4 54. Kxe4 c5 55. bxc6 Kxc6 56. Ke5 b5 57. Kxe6 b4 58. Kf6 b3 59. Kxg6 b2 60. f5 b1=Q 61. Rxb1 h1=Q 62. Rxh1 Rxh1 63. f6 Kd7 64. f7 Ke7 65. Kg7 Rg1+ 0-1


[Site "https://www.chess.com"]

[Event "Titled Tuesday Blitz January 17 Late 2023"]
[White "Harish, Neeraj"]
[Black "Vifleemskaia, Svetlana"]
[WhiteFideId "30958130"]
[BlackFideId "4129490"]
[WhiteElo "2232"]
[BlackElo "1971"]
[Result "0-1"]
[Round "08"]
[TimeControl "180+2"]
[Date "2023.01.17"]
[WhiteClock "0:00:01"]
[BlackClock "0:00:11"]

1. e4 e5 2. Nf3 Nc6 3. Bc4 Nf6 4. d3 Be7 5. O-O O-O 6. Nc3 d6 7. a4 Be6 8. Nd5 Bxd5 9. exd5 Nb8 10. a5 a6 11. h3 Nbd7 12. Be3 Re8 13. Nd2 Bf8 14. Ne4 h6 15. b4 g6 16. Nxf6+ Nxf6 17. b5 Nh5 18. bxa6 bxa6 19. Qd2 Kh7 20. Rfb1 Bg7 21. Ra3 e4 22. d4 f5 23. Be2 Nf6 24. c4 g5 25. g3 Re7 26. Rb7 Qe8 27. c5 Nxd5 28. cxd6 cxd6 29. Rxe7 Qxe7 30. Bc4 Nxe3 31. fxe3 Qd7 32. Rb3 d5 33. Bf1 Qc6 34. Qb2 Rc8 35. Rb6 Qc3 36. Qxc3 Rxc3 37. Kf2 Rc2+ 38. Be2 Ra2 39. Rxa6 f4 40. gxf4 gxf4 41. exf4 Bxd4+ 42. Kf1 Ra1+ 43. Kg2 Bc3 44. Ra7+ Kg6 45. a6 Kf5 46. Ra8 Kxf4 47. a7 Ke3 48. Bg4 Bd4 49. Rb8 Ra2+ 50. Kg1 Kf4+ 0-1


[Site "https://www.chess.com"]

[Event "Titled Tuesday Blitz January 17 Late 2023"]
[White "Artemenko, Oleg"]
[Black "ritanovikova"]
[WhiteFideId "14201798"]
[WhiteElo "2246"]
[BlackElo "2148"]
[Result "1-0"]
[Round "08"]
[TimeControl "180+2"]
[Date "2023.01.17"]
[WhiteClock "0:00:03"]
[BlackClock "0:00:01"]

1. e4 d5 2. exd5 Qxd5 3. Nc3 Qd6 4. d4 Nf6 5. Nf3 Bf5 6. Bc4 c6 7. Ne2 e6 8. Bf4 Qb4+ 9. Nd2 Ne4 10. Bd3 Qa5 11. O-O Nxd2 12. Bxd2 Qd5 13. c4 Qd7 14. Bxf5 exf5 15. Re1 Be7 16. Qc2 O-O 17. Rad1 Bf6 18. Bc3 Na6 19. a3 Nc7 20. b4 b5 21. d5 Bxc3 22. Nxc3 bxc4 23. dxc6 Qxc6 24. Qxf5 Ne6 25. Nd5 Kh8 26. Re3 Rad8 27. Kf1 Nc7 28. Nc3 Rxd1+ 29. Nxd1 Qd6 30. Qc2 Ne6 31. Nb2 Rc8 32. g3 Qd5 33. Ke2 Qh5+ 34. Kf1 Qd5 35. Qd1 Qc6 36. Rc3 h6 37. Rxc4 Qb5 38. Qe2 Rxc4 39. Qxc4 Qb6 40. Qc8+ Kh7 41. Qc2+ g6 42. Qd2 Qb5+ 43. Qe2 Qf5 44. Kg2 Nd4 45. Qd3 Qd5+ 46. f3 Qe5 47. Nc4 Qf6 48. h4 Nf5 49. Nd2 Qb2 50. Kh3 Qc1 51. Nf1 Qe1 52. Qc4 Kg7 53. Kg2 1-0


[Site "https://www.chess.com"]

[Event "Titled Tuesday Blitz January 17 Late 2023"]
[White "Pace, Christopher"]
[Black "Bouget, Alexandre"]
[WhiteFideId "2610167"]
[BlackFideId "681318"]
[WhiteElo "2053"]
[BlackElo "2267"]
[Result "0-1"]
[Round "08"]
[TimeControl "180+2"]
[Date "2023.01.17"]
[WhiteClock "0:00:09"]
[BlackClock "0:00:05"]

1. d4 d5 2. c4 e6 3. Nc3 c5 4. cxd5 cxd4 5. Qa4+ Bd7 6. Qxd4 exd5 7. Qxd5 Nc6 8. a3 Nf6 9. Qd1 Bc5 10. e3 Qe7 11. Nf3 O-O 12. Be2 Rfd8 13. Qc2 Ne5 14. O-O Bd6 15. Rd1 Nfg4 16. h3 Nxf3+ 17. Bxf3 Ne5 18. Be2 Bc6 19. Nd5 Qh4 20. e4 Rac8 21. Qd2 Qxe4 22. Ne3 h6 23. Bf1 Ng6 24. Qe2 Nf4 25. Qg4 Bd7 26. Qh4 Ne2+ 27. Bxe2 Qxh4 28. Rxd6 Bc6 29. Rd7 Rxd7 30. Bf1 Qf6 31. Nf5 Qxf5 32. Be3 Qe6 33. Re1 Qf6 34. Bc5 Qg6 35. Be3 Qf6 36. g3 Qd8 37. Bf4 Re7 38. Re3 Rxe3 39. Bxe3 Qe7 0-1


[Site "https://www.chess.com"]

[Event "Titled Tuesday Blitz January 17 Late 2023"]
[White "rikchessmx"]
[Black "Malka, Samuel"]
[BlackFideId "20643675"]
[WhiteElo "2289"]
[BlackElo "2165"]
[Result "0-1"]
[Round "08"]
[TimeControl "180+2"]
[Date "2023.01.17"]
[WhiteClock "0:00:51"]
[BlackClock "0:00:24"]

1. e4 c5 2. Nf3 Nc6 3. d4 cxd4 4. Nxd4 Nf6 5. Nc3 e5 6. Nxc6 bxc6 7. Bd3 Bb4 8. O-O O-O 9. Qf3 h6 10. Qg3 Kh8 11. Qxe5 Re8 12. Qf4 d6 13. a3 Bc5 14. Be3 Bxe3 15. Qxe3 Ng4 16. Qg3 Ne5 17. Rfd1 Qf6 18. f4 Nxd3 19. Rxd3 Rb8 20. b3 Ba6 21. Re3 d5 22. e5 Qf5 23. Na4 Qxc2 24. Rc3 Qd2 25. Nc5 d4 26. Rf3 Be2 27. Rf2 d3 28. b4 a5 29. f5 axb4 30. f6 g6 31. e6 Qc3 32. Rb1 bxa3 33. Qxb8 Rxb8 34. Rxb8+ Kh7 35. h3 Qe1+ 36. Kh2 Qxf2 37. exf7 Qxc5 38. f8=Q Qxf8 39. Rxf8 d2 40. Rd8 d1=Q 41. Rxd1 Bxd1 42. Kg3 Kg8 0-1


[Site "https://www.chess.com"]